 Dungeon Crawl Stone Soup version 0.21-a0-110-g8e1637b (webtiles) character file.

197 tilp the Magician (level 5, -4/38 HPs)
             Began as a Hill Orc Fire Elementalist on July 7, 2017.
             Slain by a gnoll (6 damage)
             ... on level 2 of the Dungeon.
             The game lasted 00:10:03 (2631 turns).

tilp the Magician (Hill Orc Fire Elementalist)      Turns: 2631, Time: 00:10:04

Health: -4/38      AC:  3    Str: 11    XL:     5   Next: 75%
Magic:  7/11       EV: 12    Int: 16    God:
Gold:   74         SH:  0    Dex: 11    Spells: 6/12 levels left

rFire    . . .     SeeInvis .   q - +0 morningstar (flame)
rCold    . . .     Gourm    .   (no shield)
rNeg     . . .     Faith    .   a - +0 robe
rPois    .         Spirit   .   (no helmet)
rElec    .         Reflect  .   (no cloak)
rCorr    .         Harm     .   l - +0 pair of gloves
MR       .....                  (no boots)
Stlth    ++........             (no amulet)
HPRegen  0.12/turn              (no ring)
MPRegen  0.12/turn              (no ring)

@: no status effects
A: no striking features
a: no special abilities


You were on level 2 of the Dungeon.
You were not hungry.

You visited 1 branch of the dungeon, and saw 2 of its levels.

You collected 74 gold pieces.

Inventory:

Hand Weapons
 e - a +0 dagger
 q - a +0 morningstar of flaming (weapon)
Armour
 a - a +0 robe (worn)
 l - a +0 pair of gloves (worn)
Jewellery
 o - a +3 ring of dexterity {unknown}
Scrolls
 k - a scroll of amnesia {unknown}
 m - 2 scrolls of remove curse {unknown}
 p - a scroll of identify {unknown}
Potions
 d - a potion of curing
 f - a potion of ambrosia {unknown}
 h - 2 potions of haste
Books
 b - a book of Flames

   Spells                             Type                      Level
   a - Flame Tongue                   Conjuration/Fire             1
   b - Throw Flame                    Conjuration/Fire             2
   c - Conjure Flame                  Conjuration/Fire             3
   d - Inner Flame                    Hexes/Fire                   3
   e - Sticky Flame                   Conjuration/Fire             4
   f - Fireball                       Conjuration/Fire             5
Comestibles
 c - a bread ration
 g - a meat ration
 j - 2 fruits


   Skills:
 - Level 1.5 Dodging
 - Level 1.5 Stealth
 - Level 4.0 Spellcasting
 + Level 2.4 Conjurations
 - Level 3.2 Fire Magic


You had 6 spell levels left.
You knew the following spells:

 Your Spells              Type           Power        Failure   Level  Hunger
a - Flame Tongue          Conj/Fire      ##...        5%          1    None
b - Throw Flame           Conj/Fire      ##....       8%          2    ##.....
c - Conjure Flame         Conj/Fire      ##......     16%         3    ###....


Dungeon Overview and Level Annotations

Branches:
Dungeon (2/15)

Altars:
Nemelex Xobeh
Sif Muna

Annotations:
D:1 ring - needs flight
D:2 Natasha, Sigmund


Message History

Aiming: Flame Tongue
Press: ? - help, Shift-Dir - straight line, f/p - gnoll
Aim: a gnoll (heavily wounded)
The flame tongue hits the gnoll.
The gnoll is heavily wounded.
The gnoll hits you.
* * * LOW HITPOINT WARNING * * *
You barely miss the gnoll.
The gnoll is heavily wounded.
The gnoll hits you.
* * * LOW HITPOINT WARNING * * *
Casting: Flame Tongue
Confirm with . or Enter, or press ? or * to list all spells.
Aiming: Flame Tongue
Press: ? - help, Shift-Dir - straight line, f/p - gnoll
Aim: a gnoll (heavily wounded)
The flame tongue hits the gnoll.
The gnoll appears unharmed.
The gnoll is heavily wounded.
The gnoll hits you.
You die...

#.........(.# ###.
##.......#..# ##
##.....##..# #
########..# #
############..# #
##.....##......## #
##...............## #
#.[...............# #
#....@g...........####
#.................##..
#..................#.#
#.....................
#.....)..........#....
##..............##....
##.....##............
##########.#..#.#...
#)##.......


You could see a gnoll.

Vanquished Creatures
  Jessica (D:2)
  Natasha (twice) (D:2)
  Terence (D:2)
  3 adders (D:2)
  3 gnolls (D:2)
  An ooze (D:1)
  A dart slug (D:1)
  A leopard gecko (D:1)
  2 ball pythons (D:2)
  4 giant cockroaches
  A jackal (D:2)
  A quokka (D:2)
  6 bats
  A frilled lizard (D:2)
  5 goblins (D:1)
  4 kobolds
  5 rats
42 creatures vanquished.

Notes
Turn   | Place    | Note
-------+----------+-------------------------------------------
     0 | D:1      | tilp the Hill Orc Fire Elementalist began the quest for the Orb.
     0 | D:1      | Reached XP level 1. HP: 14/14 MP: 3/3
   454 | D:1      | Reached skill level 2 in Spellcasting
   469 | D:1      | Reached XP level 2. HP: 12/20 MP: 0/5
   643 | D:1      | Learned a level 2 spell: Throw Flame
  1057 | D:1      | Reached XP level 3. HP: 25/26 MP: 6/6
  1077 | D:1      | Learned a level 3 spell: Conjure Flame
  1257 | D:2      | Noticed Terence
  1257 | D:2      | Noticed Sigmund
  1335 | D:2      | Found a sparkling altar of Nemelex Xobeh.
  1418 | D:2      | Killed Terence
  1418 | D:2      | Reached skill level 3 in Spellcasting
  1531 | D:2      | Noticed Jessica
  1534 | D:2      | Killed Jessica
  1534 | D:2      | Reached XP level 4. HP: 16/33 MP: 6/9
  1544 | D:2      | Noticed Natasha
  1728 | D:2      | Killed Natasha
  1826 | D:2      | Noticed Natasha
  1850 | D:2      | Killed Natasha
  1850 | D:2      | Reached skill level 4 in Spellcasting
  1850 | D:2      | Reached XP level 5. HP: 31/38 MP: 6/11
  1983 | D:2      | Found a deep blue altar of Sif Muna.
  2073 | D:2      | Noticed Natasha
  2631 | D:2      | Slain by a gnoll

Vault maps used:
D:1:      dpeg_arrival_chase
D:2:      nicolae_overflow_crystal_walls, lemuel_doored_altar,
          nicolae_dithmenos_through_a_glass_darkly, uniq_natasha, uniq_jessica,
          uniq_terence, uniq_sigmund

Skill      XL: |  1  2  3  4  5 |
---------------+----------------+-----
Spellcasting   | 2 3 4 |  4.0
Conjurations   | 2 |  2.4
Dodging        | |  1.5
Stealth        | |  1.5
Fire Magic     | |  3.2

Action                   |  1- 3 |  4- 6 || total
-------------------------+-------+-------++-------
Melee: Dagger            |    50 |     8 ||    58
       Morningstar       |       |    29 ||    29
 Cast: Flame Tongue      |    29 |    37 ||    66
       Throw Flame       |       |     3 ||     3
  Use: Potion            |       |     3 ||     3
       Scroll            |       |     1 ||     1
 Stab: Sleeping          |     1 |     1 ||     2
  Eat: Chunk             |     2 |     3 ||     5
       Royal jelly       |       |     1 ||     1
Armor: Robe              |    12 |    23 ||    35
Dodge: Dodged            |    46 |    42 ||    88
